 Dungeon Crawl Stone Soup version 0.14.0-15-g6b16f67 (webtiles) character file.

1092 Qrupt the Cruncher (level 7, 0/40 HPs)
             Began as a Tengu Gladiator on Apr 17, 2014.
             Slain by an ice beast (4 damage)
             ... on Level 6 of the Dungeon.
             The game lasted 00:17:07 (5817 turns).

Qrupt the Cruncher (Tengu Gladiator)                Turns: 5817, Time: 00:17:08

HP   0/40        AC  3     Str 17      XL: 7   Next: 97%
MP   9/9         EV 13     Int  8      God:
Gold 263         SH  0     Dex 17      Spells:  1 memorised,  5 levels left

rFire  + . .     SeeInvis +     a - +0 quarterstaff
rCold  + . .     Clarity  .     b - +0 leather armour
rNeg   + . .     Conserve .     (no shield)
rPois  +         rCorr    .     c - +0 hat
rElec  +         rRot     .     (no cloak)
SustAb . .       Spirit   .     (no gloves)
rMut   .         Warding  +     (boots unavailable)
Saprov . . .     Stasis   .     p - amulet of warding
MR     .....                    I - ring of see invisible
                                t - +2 ring of strength

@: not resistant to hostile enchantments, unstealthy
A: able to fly, beak, talons 3
a: Fly


You were on level 6 of the Dungeon.
You were hungry.

You visited 1 branch of the dungeon, and saw 6 of its levels.

You collected 263 gold pieces.

Inventory:

Hand weapons
 a - a +0,+0 quarterstaff (weapon)
Missiles
 d - 3 throwing nets (quivered)
 h - 3 tomahawks
Armour
 b - a +0 leather armour (worn)
 c - a +0 hat (worn)
Magical devices
 H - a wand of slowing (14) {unknown}
Comestibles
 f - 3 bread rations
 j - 2 chokos
 w - 2 meat rations
 A - an apple
Scrolls
 i - 7 scrolls of identify
 m - 2 scrolls of fog
 n - a scroll of enchant weapon I {unknown}
 u - a scroll of enchant weapon II {unknown}
 y - 6 scrolls of remove curse
 E - a scroll of noise {unknown}
 G - a scroll of enchant armour {unknown}
Jewellery
 g - a +3 ring of intelligence
 p - an amulet of warding (around neck)
 t - a +2 ring of strength (left hand)
 I - a ring of see invisible (right hand)
Potions
 k - a potion of brilliance {unknown}
 l - a potion of paralysis {unknown}
 o - a potion of degeneration {unknown}
 r - a potion of mutation {unknown}
 v - a potion of invisibility {unknown}
 x - 2 potions of might {unknown}
 B - a potion of confusion {unknown}
 C - a potion of curing
 D - a potion of poison {unknown}
Books
 F - a book of Cantrips

   Spells                             Type                      Level
   Confusing Touch                    Hexes                        1
   Animate Skeleton                   Necromancy                   1
   Summon Small Mammal                Summoning                    1
   *Apportation                       Translocation                1


   Skills:
 - Level 2.0 Fighting
 + Level 10.0 Staves
 - Level 2.1 Throwing
 - Level 3.2 Dodging


You had 5 spell levels left.
You knew the following spells:

 Your Spells              Type           Power        Failure   Level  Hunger
a - Apportation           Tloc           #.........   43%         1    ##.....


Dungeon Overview and Level Annotations

Branches:
Dungeon (6/15)
 Temple: D:4-7

Altars:
Ashenzari
Okawaru

Shops:
D:5 **

Annotations:
D:6 Blork the orc


Innate Abilities, Weirdness & Mutations

You can fly.
You have a beak for a mouth.
You have claws for feet.


Message History

* * * LOW HITPOINT WARNING * * *
The ice beast freezes you!
Your gluggy blue potion freezes and shatters!
* * * LOW HITPOINT WARNING * * *
Drink which item? (? for menu, Esc to quit)
You feel much better. The ice beast misses you.
You hit the ice beast.
You claw the ice beast, but do no damage.
The ice beast is moderately wounded.
You hit the ice beast but do no damage.
You claw the ice beast, but do no damage.
Your peck misses the ice beast.
The ice beast is moderately wounded.
The ice beast hits you. The ice beast freezes you!
Your cyan potion freezes and shatters!
* * * LOW HITPOINT WARNING * * *
Drink which item? (? for menu, Esc to quit)
You feel protected. The ice beast hits you.
You die...

... #.#
#.# #.#
#.# #.#
#.# #I#
#@#
#...#
#...###
####


You could see an ice beast.

Vanquished Creatures
  An ice beast (D:5)
  An ogre (D:3)
  A scorpion (D:5)
  A giant frog zombie (D:5)
  A centaur skeleton (D:4)
  2 orc priests (D:5)
  4 worker ants
  5 orc wizards
  Ijyb (D:2)
  8 adders
  A shadow imp (D:4)
  An inept feature mimic (D:2)
  A giant mite (D:1)
  3 worms
  2 orc zombies (D:5)
  An adder skeleton (D:4)
  A giant eyeball (D:4)
  4 giant geckos
  2 oozes
  15 orcs
  6 bats
  5 giant cockroaches
  13 goblins
  9 hobgoblins
  11 jackals
  A quokka (D:4)
  6 giant newts
  7 kobolds
  An orc skeleton (D:5)
  11 rats
126 creatures vanquished.

Notes
Turn   | Place    | Note
--------------------------------------------------------------
     0 | D:1      | Qrupt, the Tengu Gladiator, began the quest for the Orb.
     0 | D:1      | Reached XP level 1. HP: 12/12 MP: 1/1
    48 | D:1      | Reached skill level 4 in Staves
    48 | D:1      | Reached XP level 2. HP: 15/17 MP: 3/3
   424 | D:1      | Reached XP level 3. HP: 11/21 MP: 4/4
   867 | D:2      | Reached skill level 5 in Staves
  1298 | D:2      | Noticed Ijyb
  1308 | D:2      | Killed Ijyb
  1308 | D:2      | Reached XP level 4. HP: 17/26 MP: 5/5
  2323 | D:3      | Reached skill level 6 in Staves
  2323 | D:3      | Reached XP level 5. HP: 16/30 MP: 7/7
  3185 | D:3      | Noticed an ogre
  3193 | D:3      | Killed an ogre
  3193 | D:3      | Reached skill level 7 in Staves
  3193 | D:3      | Reached XP level 6. HP: 17/35 MP: 8/8
  3870 | D:4      | Paralysed by a giant eyeball for 3 turns
  3915 | D:4      | Found a shattered altar of Ashenzari.
  3933 | D:4      | Reached skill level 8 in Staves
  4215 | D:4      | Learned a level 1 spell: Apportation
  4316 | D:5      | Entered Level 5 of the Dungeon
  4407 | D:4      | Reached XP level 7. HP: 37/40 MP: 9/9
  4700 | D:5      | Found a shattered altar of Ashenzari.
  5245 | D:5      | Reached skill level 9 in Staves
  5280 | D:5      | Found Stramimn's Assorted Antiques.
  5342 | D:5      | Found Wagiaph's Assorted Antiques.
  5502 | D:5      | Found an iron altar of Okawaru.
  5592 | D:5      | Reached skill level 10 in Staves
  5714 | D:6      | Noticed Blork the orc
  5813 | D:6      | HP: 1/40 [ice beast (11)]
  5817 | D:6      | Slain by an ice beast

Action                   |  1- 3 |  4- 6 |  7- 9 || total
-------------------------+-------+-------+-------++-------
Melee: Quarterstaff      |    88 |   147 |    96 ||   331
  Use: Potion            |       |     5 |     4 ||     9
       Scroll            |       |     5 |     2 ||     7
